 Dungeon Crawl Stone Soup version 0.26-b1-32-g5d43845318 (webtiles) character file.

Game seed: 2487446799537088508

7952 Borgoz the Fighter (level 11, -4/97 HPs)
             Began as a Ghoul Gladiator on Jan 13, 2021.
             Was a High Priest of Okawaru.
             Slain by a manticore (13 damage)
             ... on level 11 of the Dungeon.
             The game lasted 00:15:00 (12944 turns).

Borgoz the Fighter (Ghoul Gladiator)               Turns: 12944, Time: 00:15:01

Health: -4/97      AC: 16    Str: 23    XL:     11   Next: 23%
Magic:  13/13      EV: 16    Int:  7    God:    Okawaru [*****.]
Gold:   138        SH:  0    Dex: 12    Spells: 7/10 levels left

rFire    . . .     SeeInvis +   a - +3 flail (freeze)
rCold    + + .     Faith    .   (no shield)
rNeg     + + +     Spirit   .   y - +1 leather armour of Ishriwnah {Harm rC+} (curse)
rPois    ∞         Reflect  .   w - +2 hat
rElec    .         Harm     +   r - +1 cloak
rCorr    .         Rampage  .   x - +2 pair of gloves {Str+3}
Will     +....                  k - +2 pair of boots of Jigsaw {Will+ Int+4}
Stlth    +.........             (no amulet)
HPRegen  0.00/turn              c - ring of see invisible
MPRegen  0.13/turn              (no ring)

@: no status effects
A: claws 1, cold resistance 1, negative energy resistance 3, inhibited
regeneration, torment resistance, unbreathing
a: Renounce Religion, Heroism, Finesse


You were on level 11 of the Dungeon.
You worshipped Okawaru.
Okawaru was extremely pleased with you.
You visited 2 branches of the dungeon, and saw 12 of its levels.

You collected 583 gold pieces.
You spent 445 gold pieces at shops.

Inventory:

Hand Weapons
 a - a +3 flail of freezing (weapon)
Missiles
 d - 5 throwing nets (quivered)
Armour
 k - the +2 pair of boots of Jigsaw (worn) {Will+ Int+4}
   (You bought it in a shop on level 5 of the Dungeon)

   It affects your intelligence (+4).
   It affects your willpower, your defense against some magical effects.
 l - +0 steam dragon scales
 r - a +1 cloak (worn)
 w - a +2 hat (worn)
 x - a +2 pair of gloves of strength (worn)
 y - the cursed +1 leather armour of Ishriwnah (worn) {Harm rC+}
   (You bought it in a shop on level 5 of the Dungeon)

   It protects you from cold.
   It increases damage dealt and taken.
   It has a curse placed upon it.
Jewellery
 c - a ring of see invisible (left hand)
Wands
 f - a wand of digging (2)
 h - a wand of iceblast (14)
 q - a wand of disintegration (23)
 t - a wand of acid (20)
Scrolls
 e - 5 scrolls of teleportation
 i - 2 scrolls of fog
 o - 7 scrolls of remove curse
 s - 2 scrolls of fear
 u - 2 scrolls of blinking
Potions
 b - 3 potions of curing
 g - a potion of brilliance
 j - 3 potions of haste
 m - a potion of resistance
 n - a potion of flight {unknown}
 p - a potion of might


   Skills:
 * Level 9.3 Fighting
 * Level 8.0 Maces & Flails
 - Level 1.7 Throwing
 * Level 7.5 Armour
 * Level 8.0 Dodging
 - Level 5.0 Invocations


You had 7 spell levels left.
You knew the following spells:

 Your Spells              Type           Power        Failure   Level
a - Confusing Touch       Hex            0%           83%         3

Your spell library contained the following spells:

 Spells                   Type           Power        Failure   Level
 Corona                   Hex            0%           45%         1
 Summon Small Mammal      Summ           0%           45%         1
 Call Imp                 Summ           0%           61%         2
 Ensorcelled Hibernation  Hex/Ice        0%           61%         2
 Call Canine Familiar     Summ           0%           83%         3
 Dazzling Flash           Conj/Hex       0%           83%         3
 Summon Guardian Golem    Hex/Summ       0%           83%         3
 Tukima's Dance           Hex            0%           83%         3
 Summon Ice Beast         Ice/Summ       0%           99%         4
 Summon Lightning Spire   Summ/Air       0%           99%         4


Dungeon Overview and Level Annotations

Branches:
Dungeon (11/15)            Temple (1/1) D:6            Lair (0/6) D:8
    Orc (0/2) D:9

Altars:
Ashenzari
Cheibriados
Dithmenos
Elyvilon
Fedhas
Gozag
Hepliaklqana
Kikubaaqudgha
Makhleb
Nemelex Xobeh
Okawaru
Qazlal
Ru
Sif Muna
Trog
Uskayaw
Vehumet
Wu Jian
Xom
Yredelemnul
Zin
The Shining One

Shops:
D:4 *   D:5 [


Innate Abilities, Weirdness & Mutations

You thrive by killing the living.
You are immune to poison.
You have sharp fingernails.
Your flesh is cold resistant. (rC+)
You are immune to negative energy. (rN+++)
You do not regenerate when monsters are visible.
You are immune to unholy pain and torment.
You can survive without breathing.


Message History

The manticore flicks its tail.
The volley of spikes misses you.
You barely miss the bullfrog zombie. The bullfrog zombie closely misses you.
You hit the manticore but do no damage.
The manticore is moderately wounded.
You hit the manticore. You freeze the manticore.
The manticore is moderately wounded.
The manticore misses you. The manticore claws you. The manticore misses you.
You barely miss the manticore.
The manticore is moderately wounded.
The manticore bites you! The manticore misses you. The manticore claws you!
* * * LOW HITPOINT WARNING * * *
You closely miss the manticore.
The manticore is moderately wounded.
The manticore bites you!!
* * * LOW HITPOINT WARNING * * *
The manticore claws you but does no damage.
The manticore completely misses you.
You feel better. The manticore bites you!
You die...

....###############
.##(....†(.).......
.#########.....#####....
## #.....# #... #.....#
#..# #.....# #..#
####..## #..#
#...####..# #.#.@HooZ.#
#.#####oo.# #.# #†o.#
#.. #..o.......# ##.
#.##....♣..o . ...
#......) ..$## #.#.♣♣♣.#
#..# ..#.♣ # ... ..#.♣


You could see a manticore, an orc wizard (invisible), 3 orcs and a bullfrog
zombie.

Vanquished Creatures
  Sonja (D:11)
  Joseph (D:8)
  A shadow (D:10)
  4 yaks
  3 steam dragons (D:8)
  2 water moccasins
  2 black bears
  2 ice beasts (D:7)
  A hornet zombie (D:10)
  3 orc warriors
  A swamp drake (D:10)
  A phantom (D:8)
  A necrophage (D:7)
  5 ogres
  6 centaurs
  A big kobold (D:8)
  16 bullfrogs
  A scorpion (D:4)
  11 killer bees
  9 wights
  2 electric eels (D:10)
  3 howler monkeys
  4 jellies
  4 bullfrog zombies
  3 centaur zombies
  A gnoll shaman (D:4)
  4 hounds
  Crazy Yiuf (D:3)
  8 orc priests
  A centaur skeleton (D:9)
  A bullfrog skeleton (D:10)
  2 iguanas
  10 orc wizards
  5 worker ants
  Terence (D:3)
  A hound skeleton (D:7)
  Robin (D:3)
  6 gnolls
  8 adders
  3 river rats (D:10)
  A white imp (D:6)
  2 ufetubi
  An ooze (D:1)
  2 adder skeletons
  3 adder zombies
  3 worms
  3 dart slugs
  6 leopard geckos
  30 orcs
  3 bats
  7 giant cockroaches
  15 goblins
  6 hobgoblins
  13 jackals
  13 kobolds
  3 quokkas
  A ball python (D:1)
  2 frilled lizards (D:3)
  A leopard gecko skeleton (D:7)
  A quokka skeleton (D:7)
  10 rats
267 creatures vanquished.

Vanquished Creatures (others)
  An orc wizard (D:6)
  58 fungi
  52 plants
111 creatures vanquished.

Grand Total: 378 creatures vanquished

Notes
Turn   | Place    | Note
-------+----------+-------------------------------------------
     0 | D:1      | Borgoz the Ghoul Gladiator began the quest for the Orb.
     0 | D:1      | Reached XP level 1. HP: 17/17 MP: 0/0
   158 | D:1      | Reached XP level 2. HP: 14/25 MP: 1/1
   482 | D:1      | Found a glowing golden altar of the Shining One.
   905 | D:1      | Reached skill level 1 in Armour
   905 | D:1      | Reached XP level 3. HP: 25/30 MP: 2/2
  2106 | D:3      | Reached XP level 4. HP: 36/37 MP: 3/3
  2156 | D:3      | Reached skill level 3 in Fighting
  2367 | D:3      | Noticed Robin
  2406 | D:3      | Killed Robin
  2417 | D:3      | Reached XP level 5. HP: 38/45 MP: 4/4
  2654 | D:3      | Noticed Terence
  2660 | D:3      | Killed Terence
  3040 | D:3      | Found an iron altar of Okawaru.
  3224 | D:3      | Found a runed translucent door.
  3225 | D:3      | Noticed Crazy Yiuf
  3337 | D:3      | Killed Crazy Yiuf
  3572 | D:3      | Reached XP level 6. HP: 11/52 MP: 5/5
  3928 | D:4      | Reached skill level 4 in Fighting
  4064 | D:4      | Reached XP level 7. HP: 26/59 MP: 6/6
  4584 | D:4      | Found Peruo's General Store.
  4670 | D:5      | Entered Level 5 of the Dungeon
  4998 | D:5      | Found Ufomaev's Antique Armour Boutique.
  5004 | D:5      | Bought a pair of shimmering boots for 256 gold pieces
  5009 | D:5      | Identified the +2 pair of boots of Jigsaw {Will+ Int+4}
                  | (You bought it in a shop on level 5 of the Dungeon)
  5092 | D:5      | Found a radiant altar of Vehumet.
  5262 | D:6      | Reached skill level 5 in Fighting
  5264 | D:6      | Found a basalt altar of Yredelemnul.
  5520 | D:6      | Found a staircase to the Ecumenical Temple.
  5540 | D:6      | Reached XP level 8. HP: 51/68 MP: 7/7
  5558 | Temple   | Entered the Ecumenical Temple
  5849 | Temple   | Became a worshipper of Warmaster Okawaru
  5909 | D:6      | Reached skill level 5 in Maces & Flails
  5918 | D:6      | Reached skill level 5 in Dodging
  6103 | D:6      | Reached skill level 1 in Invocations
  7103 | D:7      | Reached skill level 6 in Fighting
  7148 | D:7      | Reached * piety under Okawaru
  7432 | D:7      | Reached XP level 9. HP: 75/75 MP: 9/9
  7436 | D:7      | Learned a level 3 spell: Confusing Touch
  7666 | D:7      | Reached skill level 5 in Armour
  8163 | D:8      | Reached ** piety under Okawaru
  8175 | D:8      | Reached skill level 7 in Fighting
  8519 | D:8      | Reached XP level 10. HP: 58/86 MP: 11/11
  8787 | D:8      | Found a staircase to the Lair.
  8798 | D:8      | Reached *** piety under Okawaru
  8902 | D:8      | Noticed Joseph
  8918 | D:8      | Killed Joseph
  8925 | D:8      | Reached skill level 8 in Fighting
  9478 | D:8      | Reached **** piety under Okawaru
  9814 | D:9      | Found a staircase to the Orcish Mines.
 11204 | D:10     | Entered Level 10 of the Dungeon
 11475 | D:10     | Reached XP level 11. HP: 95/95 MP: 13/13
 11489 | D:10     | Reached skill level 9 in Fighting
 11988 | D:10     | Reached skill level 5 in Invocations
 12624 | D:5      | Bought a bronze leather armour for 189 gold pieces
 12635 | D:5      | Identified the cursed +1 leather armour of Ishriwnah {Harm
                  | rC+} (You bought it in a shop on level 5 of the Dungeon)
 12837 | D:11     | Noticed Sonja
 12881 | D:11     | Killed Sonja
 12881 | D:11     | Reached ***** piety under Okawaru
 12920 | D:11     | Noticed a manticore
 12943 | D:11     | HP: 4/97 [manticore (22)]
 12944 | D:11     | Slain by a manticore

Illustrated notes

Levels and vault maps discovered:
D:1:      lightli_arrival_boilingwater, layout_basic, tso_altar
D:2:      layout_basic
D:3:      layout_rooms, okawaru_gym_becter, uniq_terence, uniq_robin,
          uniq_crazy_yiuf_cottage
D:4:      layout_rooms, serial_shops, nicolae_shop_behind_doors
D:5:      layout_rooms, fiery_altar_vehumet, serial_shops, shop_fountains
D:6:      layout_basic, minmay_temple_entry_statues_fountains, hex_medium,
          lemuel_tele_altar
D:7:      layout_loops_corners
D:8:      cheibrodos_steamvent, layout_loops_ring, due_lair_maze_entry_diamond,
          uniq_joseph
D:9:      layout_loops_corners, david_orc_2, serial_bayou_crossing
D:10:     statuecave_lemuel, layout_long_grid, pond
D:11:     nzn_winding_woodlands_small
          [nzn_winding_woodlands_5x15_river_crossing,
          nzn_winding_woodlands_center_diamonds,
          nzn_winding_woodlands_5x15_concentric], layout_rooms, uniq_sonja
Temple:   regret_index_temple_sigil_plot

Skill      XL: |  1  2  3  4  5  6  7  8  9 10 11 |
---------------+----------------------------------+-----
Maces & Flails | 3 4 5 6 7 8 |  8.0
Armour         | 1 2 3 4 6 7 |  7.5
Dodging        | 3 4 5 6 7 8 |  8.0
Fighting       | 3 4 5 6 7 8 9 |  9.3
Invocations    | 2 3 4 5 |  5.0
Throwing       | |  1.7

Action                   |  1- 3 |  4- 6 |  7- 9 | 10-12 || total
-------------------------+-------+-------+-------+-------++-------
Melee: Flail             |   140 |   220 |   463 |   388 ||  1211
Throw: Throwing net      |       |     2 |       |       ||     2
  Use: Scroll            |     7 |     3 |     6 |     5 ||    21
       Potion            |       |     1 |     2 |     1 ||     4
 Stab: Sleeping          |     1 |       |       |       ||     1
Armor: Leather armour    |    30 |    93 |   264 |    48 ||   435
       Steam dragon scal |       |       |       |   136 ||   136
Dodge: Dodged            |   102 |   195 |   400 |   411 ||  1108
